Map: Oxide LE

Players

Azure

  • Race: Terran Terran

Demi - Winner!

  • Race: Zerg Zerg

Event: DreamHack SC2 Masters 2021 Fall

VOD

Have the link to the VOD?

Description

Time

  • Played on: July 29, 2021, 4:24 a.m.
  • Length: 22:30

All games in this series

Show
View Real Time Build Order
Export as new Build Order

Azure Terran 

Build Orders: 2 Factory, Liberator Opening 

Get SALT Encoding   

  12  0:00  SCV  
  13  0:12  SCV  
  14  0:16  Supply Depot  
  14  0:24  SCV  
  15  0:38  SCV  
  15  0:39  Barracks  
  16  0:44  Refinery  
  16  0:50  SCV  
  17  1:02  SCV  
  18  1:14  SCV  
  19  1:27  Barracks Reactor, Orbital Command  
  19  1:40  Command Center  
  19  1:53  SCV  
  20  1:54  Supply Depot  
  20  2:03  Factory  
  20  2:06  SCV  
  21  2:10  Marine x2  
  23  2:18  SCV  
  23  2:20  Refinery  
  24  2:29  Marine x2  
  26  2:30  SCV  
  27  2:42  Factory  
  27  2:44  SCV  
  28  2:55  Orbital Command  
  28  2:56  SCV  
  29  3:01  Starport  
  29  3:06  Hellion  
  29  3:11  Hellion  
  33  3:13  SCV  
  34  3:20  SCV  
  34  3:25  SCV  
  36  3:27  Supply Depot  
  36  3:29  Factory Tech Lab  
  36  3:32  SCV  
  36  3:33  Hellion  
  39  3:36  Hellion  
  39  3:39  SCV  
  42  3:45  Liberator  
  42  3:48  SCV  
  46  3:51  Infernal Pre-Igniter  
  46  3:55  SCV  
  47  4:00  Hellion  
  47  4:01  Hellion  
  52  4:04  Hellion  
  53  4:10  SCV  
  53  4:16  Supply Depot  
  54  4:18  Supply Depot  
  54  4:33  Barracks Tech Lab  
  54  4:37  SCV x2, Hellion x3  
  62  4:41  Supply Depot  
  64  4:49  SCV x2  
  64  4:51  Command Center  
  64  4:59  Hellion  
  66  5:01  SCV x2  
  66  5:04  Marine  
  66  5:05  Stimpack, Starport Reactor  
  69  5:13  SCV x2  
  71  5:14  Barracks  
  71  5:17  Barracks  
  71  5:25  SCV  
  71  5:26  SCV  
  70  5:28  Hellion x2  
  64  5:36  Hellion  
  64  5:38  SCV x2  
  68  5:49  Engineering Bay x2  
  62  5:50  SCV x2, Hellion  
  62  5:53  Hellion  
  62  5:54  Medivac x2  
  68  5:58  Refinery, Hellion  
  68  5:59  Refinery  
  68  6:02  Barracks Reactor, SCV  
  71  6:04  Barracks Reactor  
  71  6:06  Orbital Command  
  71  6:11  Armory  
  71  6:16  Marine  
  71  6:18  Widow Mine x2  
  76  6:19  SCV, Widow Mine  
  76  6:22  SCV  
  80  6:28  Terran Infantry Armor Level 1, Terran Infantry Weapons Level 1  
  80  6:34  Marine  
  80  6:35  Barracks  
  80  6:38  Barracks  
  80  6:39  Marine, Widow Mine x2  
  86  6:48  Marine x2  
  86  6:50  Widow Mine  
  86  6:51  Orbital Command  
  86  6:53  Marine x2  
  92  6:55  SCV, Hellion x4  
  93  7:04  Supply Depot  
  93  7:08  Supply Depot, Drilling Claws  
  93  7:09  Supply Depot  
  93  7:24  Barracks Reactor  
  93  7:25  Marine x4, SCV x2, Widow Mine  
  93  7:29  Marine  
  106  7:30  Widow Mine x2  
  106  7:34  Orbital Command  
  100  7:37  Marine  
  100  7:40  Medivac x2  
  100  7:41  SCV x2  
  100  7:43  Marine x3  
  107  7:45  Marine  
  107  7:47  Marine, Widow Mine  
  112  7:51  Widow Mine  
  112  7:53  SCV  
  102  7:58  SCV  
  102  8:03  Marine x3  
  102  8:04  Marine x2, Widow Mine  
  102  8:05  SCV x2  
  108  8:08  Widow Mine  
  108  8:12  SCV  
  111  8:17  SCV x2, Combat Shield  
  111  8:18  Marine x2  
  108  8:20  Marine x2  
  108  8:21  Widow Mine  
  108  8:22  Marine  
  108  8:24  SCV  
  114  8:29  SCV  
  114  8:33  Marine x2  
  117  8:37  Supply Depot  
  117  8:38  Supply Depot  
  117  8:39  Bunker  
  117  8:40  Terran Infantry Weapons Level 2  
  117  8:44  Marine x2  
  117  8:47  SCV  
  116  8:48  Marine  
  116  8:54  Marine x2  
  117  8:59  Medivac x2  
  115  9:05  Marine x2  
  115  9:07  Marine  
  115  9:08  Marine x2  
  116  9:12  Widow Mine x2  
  116  9:13  SCV x2  
  116  9:15  SCV  
  116  9:16  Marine x3  
  116  9:17  Terran Infantry Armor Level 2  
  111  9:24  Marine, Terran Vehicle And Ship Armor Level 1  
  111  9:25  Marine x2, Supply Depot, SCV, Factory  
  111  9:26  SCV  
  111  9:27  SCV  
  111  9:29  Widow Mine  
  111  9:30  Marine  
  120  9:34  Widow Mine  
  120  9:36  Marine, Widow Mine  
  120  9:37  Marine  
  123  9:49  Medivac x2  
  123  9:50  Widow Mine  
  127  9:55  Marine x3, Widow Mine  
  127  9:56  Marine x5  
  127  9:57  SCV, Widow Mine  
  140  10:13  Marine x3, Orbital Command, Widow Mine  
  129  10:16  Widow Mine  
  129  10:21  Marine x2  
  119  10:22  Marine  
  119  10:23  Marine x2  
  113  10:30  Marine  
  113  10:31  Marine x2, Widow Mine  
  113  10:34  Widow Mine  
  114  10:36  SCV  
  114  10:37  SCV  
  114  10:38  Marine  
  114  10:39  Marine, Factory Tech Lab  
  114  10:40  SCV  
  114  10:42  Marine x3  
  122  10:48  Marine, SCV  
  122  10:49  Marine, SCV  
  126  10:52  Marine  
  126  10:54  Widow Mine  
  126  10:56  Marine  
  132  11:02  Widow Mine  
  129  11:06  Marine  
  129  11:07  Marine  
  125  11:16  Marine x2  
  125  11:17  Marine x2  
  125  11:18  Marine  
  115  11:24  Marine x2  
  108  11:29  Marine, Widow Mine x2  
  111  11:34  Marine x2, SCV  
  111  11:35  Marine  
  86  11:51  Marine x3, Widow Mine x2  
  93  12:01  SCV  
  93  12:02  Supply Depot x2  
  93  12:04  Medivac x2  
  97  12:08  Marine  
  97  12:09  Marine x2  
  93  12:16  Marine x2  
  93  12:18  Marine  
  96  12:23  Marine x2, Widow Mine x2  
  96  12:26  Marine x2  
  103  12:31  SCV x3  
  103  12:36  Supply Depot, Terran Infantry Weapons Level 3  
  106  12:38  Supply Depot  
  106  12:43  SCV  
  106  12:44  Marine x2, Widow Mine  
  107  12:45  Widow Mine  
  107  12:47  Marine x3  
  115  12:51  Marine x2  
  115  12:58  Marine, Supply Depot  
  118  12:59  Supply Depot  
  118  13:01  Marine  
  118  13:02  Marine  
  118  13:03  Supply Depot  
  118  13:04  Marine  
  118  13:05  Marine x2  
  123  13:06  Widow Mine x2  
  123  13:10  Terran Infantry Armor Level 3  
  123  13:12  SCV  
  127  13:22  Marine x2  
  127  13:24  SCV  
  132  13:27  Marine x2, Widow Mine x2  
  132  13:28  Medivac x2  
  140  13:35  Marine x3  
  140  13:39  Marine  
  144  13:49  Supply Depot x2, Widow Mine x2  
  144  13:54  Marine x4, Supply Depot  
  152  13:55  Supply Depot  
  152  13:57  Marine x2  
  153  14:10  Widow Mine x2  
  153  14:14  Medivac x2  
  161  14:29  Marine x3  
  161  14:30  Command Center  
  161  14:31  Marine x2, Widow Mine x2  
  168  14:42  Barracks Tech Lab  
  166  14:50  Barracks  
  166  14:51  Barracks  
  166  14:55  Marine  
  166  14:56  Marine  
  166  14:58  Marine x2  
  160  15:06  Marine x2, Marauder  
  162  15:12  Widow Mine  
  156  15:26  Marine x2  
  156  15:27  Marine x3, Marauder  
  135  15:37  Factory Reactor  
  133  15:43  Liberator  
  133  15:46  Marine x3  
  133  15:48  SCV  
  140  15:52  SCV  
  140  15:57  Barracks Tech Lab  
  141  16:01  Barracks Tech Lab  
  141  16:08  Marauder  
  141  16:09  Marine  
  144  16:23  Marine, Marauder  
  144  16:24  Marauder x2  
  144  16:25  Concussive Shells  
  139  16:30  Planetary Fortress  
  139  16:33  SCV  
  139  16:35  SCV x2  
  139  16:37  Orbital Command  
  140  16:45  Marine, SCV  
  140  16:46  Marauder  
  132  16:47  Marine  
  132  16:48  Marine x2, Marauder  
  132  16:49  Marauder  
  122  16:55  Widow Mine x2  
  122  16:57  Marine x2  
  122  16:58  SCV  
  126  17:03  SCV x2  
  126  17:07  SCV  
  129  17:09  Widow Mine  
  129  17:11  SCV  
  129  17:13  Marine  
  129  17:14  Marine, Marauder  
  134  17:15  SCV x2  
  134  17:16  Widow Mine, Marauder x2  
  134  17:22  Marauder  
  144  17:23  Marine x2  
  144  17:25  SCV x2  
  148  17:32  Liberator  
  148  17:35  Medivac, Marauder, Command Center  
  155  17:39  Marine, Marauder x2  
  160  17:47  Widow Mine x2  
  160  17:48  Widow Mine  
  166  17:54  Marine  
  166  17:55  Marine x2  
  166  17:57  Marauder  
  173  18:01  Sensor Tower  
  173  18:02  Sensor Tower  
  173  18:03  Ghost Academy, Terran Ship Weapons Level 1  
  171  18:09  Marine x3, Marauder  
  171  18:10  Marauder  
  175  18:17  Liberator x2  
  175  18:18  Widow Mine x2  
  185  18:23  Missile Turret  
  176  18:35  Marine  
  176  18:36  Marine, Marauder x2  
  182  18:44  Widow Mine x2  
  182  18:46  Missile Turret  
  184  19:06  Marine, Marauder  
  184  19:09  Marine  
  175  19:10  Marine, Marauder  
  179  19:19  Ghost  
  179  19:20  Marine x2, Ghost  
  165  19:49  Ghost  
  165  19:50  Marine x3  
  156  20:01  Marine x3, Marauder  
  156  20:02  Marauder  
  156  20:03  Ghost  
  163  20:08  Marine x2  
  163  20:09  Marine  
  163  20:13  Missile Turret  
  166  20:16  Widow Mine x2  
  166  20:17  Widow Mine  
  140  20:49  Marine x3, Ghost  
  117  20:50  Marine x2  
  117  20:52  Marine x2  
  119  20:58  Medivac  
  119  21:04  Marauder  
  121  21:11  Marine x4  
  121  21:12  Marine x4  
  121  21:14  Refinery x2  
  121  21:16  SCV x3  
  121  21:17  Marine, SCV x2  
  135  21:21  Refinery  
  135  21:25  Marine  
  136  21:29  Marine x4  
  136  21:30  Marauder, Ghost  
  136  21:32  Refinery  
  144  21:38  Medivac  
  146  21:43  Widow Mine x3  
  152  21:51  SCV  
  153  21:55  Marine x2  
  153  21:56  Marine, Marauder x2  
  135  22:09  Marine x2  
Show
View Real Time Build Order
Export as new Build Order

Demi Zerg - Winner!

Build Orders: Hatch First 

Get SALT Encoding   

  12  0:00  Drone  
  13  0:12  Overlord  
  13  0:16  Drone  
  14  0:30  Drone x2  
  16  0:47  Hatchery  
  15  0:51  Drone  
  15  0:54  Drone  
  17  0:57  Drone  
  18  1:08  Extractor  
  17  1:13  Spawning Pool  
  17  1:16  Drone  
  17  1:21  Drone  
  18  1:28  Drone  
  19  1:39  Drone  
  20  1:50  Drone  
  21  1:59  Queen  
  21  2:00  Queen  
  21  2:01  Zergling x4  
  27  2:12  Drone, Overlord  
  28  2:28  Hatchery, Drone  
  28  2:31  Drone  
  28  2:35  Drone  
  28  2:37  Queen  
  30  2:41  Overlord  
  32  2:47  Metabolic Boost  
  32  2:51  Drone x2  
  32  2:54  Drone  
  32  2:56  Drone  
  36  3:02  Queen  
  38  3:11  Drone x2, Overlord  
  40  3:19  Drone  
  41  3:20  Overlord  
  41  3:23  Drone  
  41  3:24  Queen  
  44  3:31  Zergling x2  
  45  3:35  Overlord  
  45  3:37  Overlord  
  45  3:41  Drone x2  
  47  3:43  Drone x3  
  47  3:48  Queen  
  52  3:52  Drone  
  52  3:58  Zergling x6  
  55  4:02  Queen  
  55  4:05  Baneling Nest  
  55  4:07  Drone x2  
  55  4:09  Drone x2  
  60  4:15  Drone x4  
  64  4:21  Zergling x4  
  64  4:22  Spore Crawler  
  65  4:28  Queen  
  65  4:29  Overlord  
  67  4:32  Spore Crawler  
  67  4:35  Drone x3  
  69  4:40  Extractor  
  69  4:41  Extractor  
  69  4:42  Overlord  
  67  4:46  Drone x3  
  67  4:47  Drone x2  
  67  4:51  Lair  
  72  4:54  Zergling x4  
  72  4:57  Drone x2  
  76  5:01  Overlord  
  76  5:06  Drone x4  
  80  5:08  Baneling x2  
  80  5:09  Zergling x4  
  82  5:16  Drone x2  
  82  5:18  Evolution Chamber x2  
  82  5:21  Drone  
  83  5:25  Zergling x12  
  79  5:30  Zergling x2  
  79  5:31  Zergling x2  
  77  5:37  Zergling x2  
  72  5:44  Drone x7  
  76  5:51  Queen  
  76  5:52  Drone x3  
  76  5:56  Centrifical Hooks  
  79  6:00  Baneling x3  
  79  6:05  Drone x3  
  79  6:06  Drone  
  83  6:17  Zerg Melee Weapons Level 1  
  83  6:21  Drone x5  
  83  6:22  Drone  
  83  6:24  Extractor  
  83  6:25  Hatchery  
  87  6:30  Overlord x3  
  87  6:33  Zergling x2  
  87  6:34  Zergling x4  
  87  6:39  Drone x3  
  92  6:42  Overlord x2  
  92  6:46  Overseer  
  91  6:49  Zerg Ground Armor Level 1  
  91  6:55  Zergling x14  
  98  7:07  Zergling x14  
  105  7:14  Baneling x2  
  105  7:15  Baneling x3  
  105  7:16  Baneling  
  105  7:17  Baneling x8  
  105  7:20  Zergling x6  
  108  7:26  Hatchery  
  106  7:36  Zergling x6  
  106  7:37  Zergling x10  
  103  7:44  Overseer, Pneumatized Carapace  
  102  7:52  Zergling x8  
  102  7:53  Zergling x6  
  107  8:04  Drone x3  
  100  8:06  Hatchery  
  94  8:13  Drone  
  94  8:14  Drone x2  
  94  8:19  Drone x5  
  99  8:20  Zerg Melee Weapons Level 2  
  99  8:26  Overseer  
  99  8:27  Overseer  
  99  8:29  Zergling x10  
  99  8:30  Zergling x2  
  105  8:38  Queen  
  105  8:40  Drone x2  
  109  8:46  Zergling x10  
  109  8:48  Baneling x4  
  111  8:54  Zergling x14  
  118  8:56  Zerg Ground Armor Level 2  
  118  8:59  Zergling x4  
  120  9:09  Zergling x8  
  122  9:10  Spore Crawler  
  122  9:14  Queen  
  122  9:15  Drone x2  
  122  9:21  Zergling x12  
  128  9:29  Spore Crawler  
  126  9:31  Baneling  
  126  9:32  Baneling x11  
  126  9:33  Zergling x2  
  126  9:34  Zergling x10  
  132  9:45  Drone x4  
  129  9:48  Zergling x2  
  129  9:49  Zergling x8  
  134  9:56  Baneling x8  
  134  10:00  Zergling x24  
  131  10:17  Zergling x12  
  120  10:24  Zergling x18, Queen  
  131  10:28  Infestation Pit  
  131  10:31  Drone x3  
  125  10:37  Zergling x2  
  125  10:38  Zergling x2  
  125  10:39  Baneling  
  125  10:40  Baneling x16  
  127  10:45  Zergling x2  
  127  10:46  Zergling x6  
  127  10:48  Baneling x7  
  127  10:49  Drone  
  135  10:50  Drone x3  
  135  10:52  Extractor  
  134  10:58  Zergling x4  
  134  10:59  Zergling x12  
  134  11:02  Overseer  
  136  11:15  Zergling x2  
  136  11:16  Zergling x12  
  134  11:19  Baneling x10  
  130  11:26  Zergling x2  
  130  11:27  Zergling x20  
  136  11:39  Zergling x2  
  139  11:40  Zergling x8  
  132  11:51  Zergling x26  
  131  11:54  Baneling  
  131  11:55  Baneling x12  
  131  11:58  Overlord x4  
  131  11:59  Overlord x3  
  128  12:12  Zergling x18  
  130  12:17  Zergling x2  
  130  12:18  Zergling x4  
  130  12:19  Baneling x6  
  130  12:30  Drone x3  
  130  12:33  Hive  
  130  12:35  Zergling x10  
  130  12:36  Zergling x8  
  142  12:39  Baneling x7  
  142  12:44  Baneling x2  
  139  12:45  Zergling x2  
  139  12:46  Zergling x4  
  142  12:53  Zergling x12  
  142  12:54  Zergling x4  
  142  12:56  Spore Crawler  
  142  12:57  Drone  
  150  13:01  Zergling x8  
  150  13:02  Zergling x2, Baneling  
  150  13:03  Baneling  
  155  13:06  Baneling  
  155  13:08  Hatchery  
  155  13:09  Drone  
  155  13:10  Extractor, Drone x2  
  155  13:12  Drone x3  
  159  13:16  Overlord x3  
  155  13:21  Baneling x7  
  155  13:26  Overseer  
  140  13:27  Zergling x2  
  140  13:28  Zergling x18  
  150  13:37  Drone  
  150  13:38  Drone x8  
  159  13:42  Extractor  
  159  13:44  Spire  
  159  13:47  Drone x3, Ultralisk Cavern  
  159  13:48  Extractor  
  158  13:49  Zergling x16  
  164  14:03  Spore Crawler  
  164  14:05  Spore Crawler  
  149  14:10  Zergling x10  
  149  14:11  Zergling x16  
  149  14:13  Baneling x11  
  149  14:14  Baneling x3  
  149  14:15  Baneling x5  
  162  14:22  Drone x8  
  162  14:23  Drone x2  
  172  14:24  Extractor  
  166  14:33  Zergling x2  
  166  14:34  Zergling x20  
  177  14:41  Chitinous Plating  
  176  14:46  Zerg Ground Armor Level 3, Zerg Melee Weapons Level 3  
  175  14:53  Ultralisk  
  175  14:54  Zergling x24  
  175  14:57  Extractor  
  175  14:59  Spore Crawler  
  182  15:16  Zergling x2, Ultralisk x2  
  182  15:17  Zergling x14  
  196  15:27  Drone x4  
  196  15:28  Drone x2  
  188  15:30  Drone  
  188  15:34  Baneling x5  
  188  15:35  Overseer, Baneling  
  189  15:45  Queen  
  189  15:48  Hatchery  
  190  15:59  Spore Crawler, Zergling x10, Ultralisk  
  190  16:01  Baneling x6  
  199  16:18  Drone x8  
  192  16:29  Drone x3  
  195  16:33  Zergling x2  
  195  16:34  Zergling x8  
  186  16:45  Zergling x22, Ultralisk  
  186  16:46  Zergling x6  
  173  16:58  Burrow  
  172  17:04  Viper x2  
  172  17:06  Corruptor x4  
  185  17:09  Baneling x5  
  185  17:17  Spore Crawler  
  185  17:18  Spore Crawler  
  183  17:28  Corruptor  
  183  17:29  Corruptor x4  
  193  17:34  Baneling x9  
  193  17:38  Greater Spire  
  190  17:56  Zerg Missile Weapons Level 1  
  187  18:28  Zergling x14  
  187  18:29  Zergling x14  
  195  18:35  Zergling x10  
  195  18:40  Baneling  
  195  18:41  Baneling x13  
  198  18:56  Baneling x2  
  191  19:06  Corruptor x5  
  183  19:11  Zergling x2  
  183  19:12  Zergling x12  
  183  19:14  Brood Lord x5  
  189  19:39  Hatchery, Overlord x4  
  189  19:44  Corruptor x7  
  190  19:49  Zergling x6  
  180  20:07  Hatchery  
  180  20:09  Zergling x22  
  189  20:19  Overseer x3  
  187  20:24  Drone x2  
  142  20:52  Zergling x36  
  159  21:05  Brood Lord x5  
  169  21:15  Brood Lord x2  
  173  21:28  Zergling x22  
  184  21:35  Zergling x2  
  184  21:36  Zergling x6  
  184  21:37  Zergling x8  
  184  21:39  Baneling x4  
  192  22:05  Zergling x2  
  192  22:06  Zergling x36  
  193  22:11  Zergling x2  

Tags
 
Add a new tag
Caveats
  • Supply blocks, unpowered buildings, or Contaminate may cause inaccurate times.
  • Supply counts are checked every 10 seconds.